 Dungeon Crawl Stone Soup version 0.31-a0-1447-g87ca8d402b (webtiles) character file.

Game seed: 1701921526225795188

982 TheRiz the Cleaver (level 7, -3/105 HPs)
             Began as a Minotaur Berserker on Dec 27, 2023.
             Was a Priest of Trog.
             Slain by a gnoll
             ... wielding a +0 spear
             ... led by a gnoll bouda
              (5 damage)
             ... on level 5 of the Dungeon.
             The game lasted 00:10:19 (4567 turns).

TheRiz the Cleaver (Minotaur Berserker)             Turns: 4567, Time: 00:10:19

Health: -3/105     AC:  6    Str: 24    XL:     7   Next: 96%
Magic:  6/6        EV: 13    Int:  4    God:    Trog [***...]
Gold:   304        SH:  0    Dex:  9    Spells: 6/6 levels left

rFire   . . .        u - +0 war axe
rCold   . . .        (no shield)
rNeg    . . .        b - +0 animal skin
rPois   .            (helmet restricted)
rElec   .            (no cloak)
rCorr   .            e - +0 pair of gloves
SInv    +            q - +0 pair of boots
Will    +....        (no amulet) Stlth
                     m - ring of willpower
HPRegen 0.37/turn    v - ring of see invisible
MPRegen 0.10/turn

%: no passive effects
@: berserking, very quick
A: horns 2, retaliatory headbutt, iridescent scales 1, see invisible, robust 1
a: Renounce Religion, Berserk, Trog's Hand


You were on level 5 of the Dungeon.
You worshipped Trog.
Trog was most pleased with you.
You visited 1 branch of the dungeon, and saw 5 of its levels.
You also visited: Sewer.

You collected 304 gold pieces.

Inventory:

Hand Weapons
 a - a +0 hand axe
 u - a +0 war axe (weapon)
Missiles
 i - 29 poisoned darts
 l - 3 javelins
Armour
 b - a +0 animal skin (worn)
 e - a +0 pair of gloves (worn)
 q - a +0 pair of boots (worn)
Jewellery
 m - a ring of willpower (left hand)
 v - a ring of see invisible (right hand)
Wands
 t - a wand of mindburst (6)
Scrolls
 c - a scroll of summoning {unknown}
 d - a scroll of fear {unknown}
 f - a scroll of revelation {unknown}
 h - 2 scrolls of blinking {unknown}
 k - a scroll of vulnerability {unknown}
 n - a scroll of identify {unknown}
 o - a scroll of teleportation {unknown}
 p - 2 scrolls of immolation {unknown}
 r - 2 scrolls of fog {unknown}
 s - a scroll of enchant armour {unknown}
 w - a scroll of poison {unknown}
 y - a scroll of noise {unknown}
Potions
 g - 2 potions of heal wounds
 j - a potion of mutation


   Skills:
 + Level 6.4 Fighting
 + Level 8.6 Axes
 + Level 2.6 Armour
 + Level 5.0 Dodging
 + Level 1.3 Stealth


You had 6 spell levels left.
You didn't know any spells.
Your spell library was empty.

Dungeon Overview and Level Annotations

Branches:
Dungeon (5/15)             Temple (0/1) D:4           Sewer (visited)

Altars:
Makhleb
Ru


Innate Abilities, Weirdness & Mutations

You have a pair of horns on your head.
You reflexively headbutt those who attack you in melee.
You are partially covered in iridescent scales. (AC +2)
You have supernaturally acute eyesight. (SInv)
You are robust. (+10% HP)


Message History

The gnoll hits you from afar with a +0 spear.
The gnoll bouda barely misses you. You furiously retaliate!
You headbutt the gnoll bouda! The gnoll barely misses you.
You are too injured to fight recklessly!
Unknown command.
You are too injured to fight recklessly!
Unknown command.
You hit the gnoll bouda.
You kill the gnoll bouda!
Trog accepts your kill. The gnoll closely misses you.
The gnoll hits you from afar with a +0 halberd.
The gnoll misses you.
The gnoll hits you from afar with a +0 halberd.
Things that are here:
a +0 club; a +0 robe; a gnoll corpse Unknown command.
The gnoll hits you with a +0 spear!
* * * LOW HITPOINT WARNING * * *
The gnoll hits you with a +0 halberd!
* * * LOW HITPOINT WARNING * * *
You hit the gnoll but do no damage. x2; The gnoll closely misses you.
The gnoll hits you with a +0 halberd.
* * * LOW HITPOINT WARNING * * *
Unknown command.
A red film seems to cover your vision as you go berserk!
You feel yourself moving faster!
You feel mighty! The gnoll hits you with a +0 spear!
* * * LOW HITPOINT WARNING * * *
The gnoll closely misses you.
You hit the gnoll.
The gnoll is moderately wounded.
You slash the gnoll!
Your attacks no longer feel as feeble.
The gnoll barely misses you.
You hit the gnoll.
The gnoll is almost dead.
You barely miss the gnoll. The gnoll barely misses you.
The gnoll hits you with a +0 spear.
You die...

|................#
.................#
##...............#
......).)........#
......)..........#
.......##........#
....... #........#
##.....
#.gg.....##.#.#
#.....###@########.#.#
#.......)...# #.#.#
#.....###...# #.#.#
#..... #...# #.#.# #
#...# #.#.#
###...######.#.#
#............<.#
#.#...######.###
#.#............#


You could see 2 gnolls.

Vanquished Creatures
  Grinder (D:3)
  A crocodile (Sewer)
  2 kobold brigands (Sewer)
  A brain worm (Sewer)
  A gnoll bouda (D:5)
  Crazy Yiuf (D:3)
  2 hounds (D:4)
  An orc priest (D:4)
  A sleepcap (D:4)
  Ijyb (D:3)
  Natasha (twice) (D:3)
  4 gnolls (D:5)
  2 adders
  10 river rats
  3 worms
  2 dart slugs
  7 orcs (D:4)
  10 ball pythons
  7 endoplasms
  3 giant cockroaches
  9 goblins
  6 hobgoblins
  10 jackals
  6 kobolds
  2 quokkas (D:4)
  3 bats
  6 frilled lizards
  11 rats
115 creatures vanquished.

Notes
Turn   | Place    | Note
-------+----------+-------------------------------------------
     0 | D:1      | TheRiz the Minotaur Berserker began the quest for the Orb.
     0 | D:1      | Reached XP level 1. HP: 19/19 MP: 0/0
   273 | D:1      | Reached skill level 4 in Axes
   273 | D:1      | Reached XP level 2. HP: 27/27 MP: 1/1
   978 | D:2      | Reached XP level 3. HP: 33/33 MP: 2/2
  1034 | D:2      | Reached ** piety under Trog
  1450 | D:3      | Noticed Grinder
  1460 | D:3      | Killed Grinder
  1461 | D:3      | Reached skill level 5 in Fighting
  1461 | D:3      | Reached skill level 6 in Axes
  1461 | D:3      | Reached XP level 4. HP: 38/42 MP: 3/3
  1461 | D:3      | Reached XP level 5. HP: 44/48 MP: 4/4
  1706 | D:3      | Noticed Natasha
  1712 | D:3      | Killed Natasha
  1713 | D:3      | Reached XP level 6. HP: 56/56 MP: 5/5
  1722 | D:3      | Noticed Natasha
  1731 | D:3      | Killed Natasha
  1825 | D:3      | Found a sacrificial altar of Ru.
  2279 | D:3      | Noticed Ijyb
  2293 | D:3      | Killed Ijyb
  2583 | D:3      | Found a runed translucent door.
  2584 | D:3      | Noticed Crazy Yiuf
  2592 | D:3      | Killed Crazy Yiuf
  2710 | D:4      | Found a burning altar of Makhleb.
  2777 | D:4      | Found a staircase to the Ecumenical Temple.
  2832 | D:4      | Reached skill level 7 in Axes
  2857 | D:4      | Reached skill level 1 in Stealth
  2953 | D:4      | Reached XP level 7. HP: 49/61 MP: 6/6
  3185 | D:4      | Found a glowing drain.
  3201 | Sewer    | Entered a sewer
  3390 | Sewer    | Reached *** piety under Trog
  3646 | Sewer    | Reached skill level 8 in Axes
  3655 | Sewer    | Gained mutation: You are partially covered in iridescent
                  | scales. (AC +2) [potion of mutation]
  3655 | Sewer    | Gained mutation: You have supernaturally acute eyesight.
                  | (SInv) [potion of mutation]
  3655 | Sewer    | Gained mutation: You are robust. (+10% HP) [potion of
                  | mutation]
  4427 | D:5      | Entered Level 5 of the Dungeon
  4472 | D:5      | Reached skill level 5 in Dodging
  4565 | D:5      | HP: 2/105 [gnoll/+0 spear[a gnoll bouda] (8)]
  4567 | D:5      | Slain by a gnoll

Illustrated notes

Levels and vault maps discovered:
D:1:      mrwooster_arrival_statue_3, layout_basic
D:2:      layout_basic
D:3:      layout_loops_corners, mainiacjoe_overflow_brackets, uniq_natasha,
          uniq_grinder, uniq_crazy_yiuf_cottage, uniq_ijyb
D:4:      layout_cave_pools, bloody_makhleb, minmay_temple_entry_overgrown,
          portal_sewer_entry_c, minmay_misc_feat_cross, st_stairs_1,
          hangedman_decor_peaks_small, kennysheep_orc_chapel
D:5:      layout_basic, serial_bayou_lagoon_b

Skill      XL: |  1  2  3  4  5  6  7 |
---------------+----------------------+-----
Axes           | 4 6 7 8 |  8.6
Fighting       | 4 5 6 |  6.4
Dodging        | 3 4 5 |  5.0
Stealth        | 1 |  1.3
Armour         | |  2.6

Action                     |  1- 3 |  4- 6 |  7- 9 || total
---------------------------+-------+-------+-------++-------
  Melee: Hand axe          |    70 |    89 |   127 ||   286
         Punch             |     3 |     1 |       ||     4
         Headbutt          |     5 |    15 |    23 ||    43
         War axe           |       |       |    19 ||    19
 Invoke: Berserk           |     1 |     4 |     1 ||     6
    Use: Potion            |       |       |     5 ||     5
 Armour: Animal skin       |    26 |    56 |    86 ||   168
  Dodge: Dodged            |    41 |    36 |    92 ||   169

Table legend: (Time is in decaauts)
 A = Elapsed time spent in this place.
 B = Non-inter-level travel time spent in this place.
 C = Inter-level travel time spent in this place.
 D = Time resting spent in this place.
 E = Time spent auto-exploring this place.
 F = Levels seen in this place.
 G = Mean time per level.
                   A        B        C        D        E       F      G
               +--------+--------+--------+--------+--------+-----+--------+
         Total |   4762 |   4644 |    118 |    473 |   2950 |   6 |  793.7 |
       Dungeon |   3697 |   3579 |    118 |    307 |   2321 |   5 |  739.4 |
         Sewer |   1064 |   1064 |      0 |    166 |    629 |   1 | 1064.0 |
               +--------+--------+--------+--------+--------+-----+--------+

Top non-repeatable levels by time:
     D:3: 1301 daAuts
   Sewer: 1064 daAuts
     D:1: 922 daAuts
     D:4: 800 daAuts
     D:2: 532 daAuts
     D:5: 140 daAuts
